 Dungeon Crawl Stone Soup version 0.24.0-123-gd5b16e6ec5 (webtiles) character file.

Game seed: 9223036773047217415, levelgen mode: deterministic

17525 kimyoojin the Spear-Bearer (level 12, -14/147 HPs)
             Began as a Merfolk Gladiator on Jan 20, 2020.
             Was a Believer of Hepliaklqana.
             Killed from afar by Frances (50 damage)
             ... with an iron shot
             ... on level 11 of the Dungeon.
             The game lasted 00:35:55 (13807 turns).

kimyoojin the Spear-Bearer (Merfolk Gladiator)     Turns: 13807, Time: 00:35:56

Health: -14/147    AC: 21    Str: 24    XL:     12   Next: 48%
Magic:  15/15      EV:  9    Int:  7    God:    Hepliaklqana [**....]
Gold:   234        SH: 15    Dex: 16    Spells: 11/11 levels left

rFire    . . .     SeeInvis +   a - +0 trident
rCold    . . .     Gourm    .   W - +0 shield
rNeg     + . .     Faith    .   N - +2 chain mail {rN+}
rPois    +         Spirit   .   b - +2 helmet
rElec    .         Reflect  +   R - +1 cloak
rCorr    .         Harm     .   l - +0 pair of gloves
MR       .....                  (no boots)
Stlth    ..........             J - +3 amulet of reflection
HPRegen  0.34/turn              m - ring of poison resistance
MPRegen  0.14/turn              A - ring of see invisible

@: mighty, berserking (expiring), very quick
A: change form in water, swift swim, stealthy swim, reduced essence, rugged
brown scales 1, robust 1
a: Recall Ancestor, Ancestor Identity, Renounce Religion


You were on level 11 of the Dungeon.
You worshipped Hepliaklqana.
Hepliaklqana was pleased with you.
You were hungry.

You visited 2 branches of the dungeon, and saw 13 of its levels.

You collected 662 gold pieces.
You spent 428 gold pieces at shops.

Inventory:

Hand Weapons
 a - a +0 trident (weapon)
 v - a +2 hand axe of flaming
 B - the +0 spear of Seotabb {speed, Str+3}
   (You bought it in a shop on level 6 of the Dungeon)

   Attacks with this weapon are significantly faster.
   It affects your strength (+3).
 C - a +2 war axe of electrocution
Missiles
 d - 3 throwing nets
 g - 7 boomerangs
 s - 57 poisoned darts (quivered)
Armour
 b - a +2 helmet (worn)
 c - the +3 hat of Pondering {ponderous, MR+ MP+10 Int+5}
   (You took it off Gastronok on level 8 of the Dungeon)

   It affects your intelligence (+5).
   It affects your resistance to hostile enchantments.
   It affects your magic capacity (+10).
 l - a +0 pair of gloves (worn)
 N - a +2 chain mail of positive energy (worn)
 R - a +1 cloak (worn)
 W - a +0 shield (worn)
Jewellery
 j - an uncursed ring of wizardry
 m - a ring of poison resistance (left hand)
 t - a +5 ring of dexterity
 A - a ring of see invisible (right hand)
 G - a +4 ring of dexterity
 J - a +3 amulet of reflection (around neck)
Wands
 w - a wand of paralysis (5)
 I - a wand of digging (9)
 P - a wand of random effects (18)
Scrolls
 h - 3 scrolls of enchant armour {unknown}
 n - 2 scrolls of blinking {unknown}
 o - a scroll of magic mapping {unknown}
 q - a scroll of noise {unknown}
 x - 3 scrolls of teleportation
 y - 3 scrolls of enchant weapon {unknown}
 z - 2 scrolls of remove curse
 F - 4 scrolls of immolation {unknown}
 K - 2 scrolls of fog {unknown}
 M - 3 scrolls of amnesia {unknown}
 V - a scroll of identify
Potions
 e - a potion of brilliance
 i - 5 potions of curing
 k - 3 potions of agility
 p - 2 potions of lignification
 r - a potion of magic
 D - a potion of cancellation
 H - 2 potions of flight
 O - a potion of heal wounds {unknown}
 Q - 2 potions of ambrosia {unknown}
 T - a potion of haste {unknown}
 U - a potion of resistance {unknown}
Miscellaneous
 L - a lamp of fire
Comestibles
 f - 19 rations


   Skills:
 + Level 9.4 Fighting
 - Level 14.2 Polearms
 - Level 6.0 Throwing
 * Level 9.5 Armour
 - Level 4.3 Dodging
 + Level 8.0 Shields
 + Level 4.0 Evocations


You had 11 spell levels left.
You didn't know any spells.
Your spell library contained the following spells:

 Spells                   Type           Power        Failure   Level  Hunger
 Magic Dart               Conj           #...         99%         1    ##.....
 Blink                    Tloc           N/A          100%        2    ###....
 Call Imp                 Summ           #.......     100%        2    ###....
 Slow                     Hex            #.......     100%        2    ###....
 Conjure Flame            Conj/Fire      #.......     100%        3    ####...
 Mephitic Cloud           Conj/Pois/Air  #.......     100%        3    ####...


Dungeon Overview and Level Annotations

Branches:
Dungeon (12/15)            Temple (1/1) D:7            Lair (0/6) D:11
    Orc (0/2) D:11

Altars:
Ashenzari
Cheibriados
Dithmenos
Elyvilon
Fedhas
Gozag
Hepliaklqana
Kikubaaqudgha
Makhleb
Nemelex Xobeh
Okawaru
Qazlal
Ru
Sif Muna
Trog
Uskayaw
Vehumet
Wu Jian
Xom
Yredelemnul
Zin
The Shining One

Shops:
D:4 ==   D:6 (*

Annotations:
D:1 exclusion: downstairs
D:6 exclusion: downstairs
D:8 exclusion: downstairs
D:11 Frances


Innate Abilities, Weirdness & Mutations

You revert to your normal form in water.
You are very nimble and swift while swimming.
You are very stealthy in the water. (Stealth+)
Your life essence is reduced to manifest your ancestor. (-10% HP)
You are partially covered in rugged brown scales. (AC +1, +3% HP)
You are robust. (+10% HP)


Message History

Frances is severely wounded.
Gnaeus hits the smoke demon but does no damage.
The ice devil hits you. The ice devil freezes you!
You block the sun demon's attack.
You hit Frances but do no damage.
Frances is severely wounded.
Frances hits you with a +0 dire flail.
The smoke demon barely misses Gnaeus.
The smoke demon hits Gnaeus. x2
You are feeling hungry.
You hit Frances.
Frances is severely wounded.
Gnaeus hits the smoke demon but does no damage.
The ice devil hits you! The ice devil freezes you!
* * * LOW HITPOINT WARNING * * *
You block the sun demon's attack.
You hit Frances.
Frances is almost dead.
Frances screams a word of power!
The iron shot hits you!!!
You die...

#...........##..#
#...
#...........##..####
#...
#...........##.....##
#...
#...............##.>#
#...
#########.......#####
#... #.......# #...
#...)...# #### ####
#...[.4.# ...#
#.....@@# ##.#
#....3R3# #.#
#.......# #.#
#.......# #.#
#.......# #.#
#.......# #.#
######### #.# #.#


You could see the friendly Gnaeus the hexer, Frances, a sun demon, an ice devil
and a smoke demon.

Vanquished Creatures
  Gastronok (D:8)
  A two-headed ogre (D:8)
  An unseen horror (D:10)
  An ugly thing (D:11)
  A gargoyle (D:9)
  3 trolls
  2 hippogriffs
  3 wyverns
  11 yaks
  A basilisk (D:11)
  3 hogs (D:8)
  A human (D:8)
  A steam dragon (D:10)
  2 swamp worms (D:8)
  Duvessa (D:7)
  A porcupine (D:11)
  4 phantoms
  2 ice beasts
  3 sky beasts
  A black bear (D:8)
  3 orc warriors
  2 ogres (D:5)
  2 centaurs
  2 crocodiles (D:11)
  A big kobold (D:7)
  7 bullfrogs
  Dowan (D:7)
  15 killer bees
  4 scorpions
  5 wights (D:6)
  4 howler monkeys
  2 crimson imps
  4 quasits
  2 bullfrog zombies
  5 hounds
  7 orc priests
  A gnoll shaman (D:10)
  Crazy Yiuf (D:5)
  A bullfrog skeleton (D:6)
  A jelly (D:6)
  9 orc wizards
  4 iguanas
  Ijyb (D:4)
  12 worker ants
  2 hound zombies
  Robin (D:3)
  2 howler monkey skeletons (D:5)
  7 gnolls
  10 adders
  A shadow imp (D:6)
  2 oozes
  An adder zombie (D:9)
  An adder skeleton (D:7)
  3 worms (D:3)
  4 dart slugs
  5 leopard geckos
  39 orcs
  7 bats
  4 giant cockroaches
  13 goblins
  9 hobgoblins
  15 jackals
  5 quokkas
  3 ball pythons
  A frilled lizard (D:4)
  10 kobolds
  A quokka zombie (D:5)
  6 rats
  A bush (D:5)
293 creatures vanquished.

Vanquished Creatures (collateral kills)
  A two-headed ogre (D:10)
  A centaur zombie (D:10)
  Maurice (D:8)
  A yak (D:10)
  A vampire (D:9)
  A hog (D:8)
  A porcupine (D:11)
  A sky beast (D:8)
  An ice beast (D:10)
  An ogre (D:7)
  A worker ant (D:9)
  2 orcs
13 creatures vanquished.

Vanquished Creatures (others)
  A centaur (D:10)
  A hexer (D:11)
  6 ancestors
  An orc wizard (D:7)
  5 fungi (D:11)
  10 plants
24 creatures vanquished.

Grand Total: 330 creatures vanquished

Notes
Turn   | Place    | Note
-------+----------+-------------------------------------------
     0 | D:1      | kimyoojin the Merfolk Gladiator began the quest for the
                  | Orb.
     0 | D:1      | Reached XP level 1. HP: 16/16 MP: 1/1
    89 | D:1      | Reached XP level 2. HP: 7/22 MP: 2/2
  1039 | D:2      | Reached skill level 5 in Polearms
  1134 | D:2      | Reached XP level 3. HP: 28/28 MP: 3/3
  1812 | D:2      | Reached skill level 1 in Armour
  1812 | D:2      | Reached XP level 4. HP: 31/34 MP: 4/4
  1921 | D:2      | Reached skill level 6 in Polearms
  2206 | D:2      | Reached XP level 5. HP: 40/40 MP: 5/5
  3032 | D:3      | Reached skill level 7 in Polearms
  3105 | D:4      | Noticed Robin
  3118 | D:3      | Killed Robin
  3284 | D:4      | Reached XP level 6. HP: 41/47 MP: 6/6
  3362 | D:4      | Found Goodyem's Jewellery Shop.
  3983 | D:4      | Noticed Ijyb
  3996 | D:4      | Killed Ijyb
  3996 | D:4      | Reached skill level 8 in Polearms
  4005 | D:4      | Found Wybbec's Jewellery Shop.
  4013 | D:4      | Bought a +3 amulet of reflection for 172 gold pieces
  4026 | D:4      | Reached XP level 7. HP: 47/52 MP: 7/7
  4257 | D:5      | Entered Level 5 of the Dungeon
  4274 | D:5      | Reached skill level 1 in Shields
  4635 | D:5      | Found a shadowy altar of Dithmenos.
  4812 | D:5      | Gained mutation: You are partially covered in rugged brown
                  | scales. (AC +1, +3% HP) [potion of mutation]
  4812 | D:5      | Gained mutation: You are robust. (+10% HP) [potion of
                  | mutation]
  5242 | D:5      | Found a runed translucent door.
  5243 | D:5      | Noticed Crazy Yiuf
  5270 | D:5      | Killed Crazy Yiuf
  5270 | D:5      | Reached skill level 9 in Polearms
  5572 | D:5      | Reached XP level 8. HP: 56/67 MP: 8/8
  5837 | D:6      | Found Possoen's Weapon Shoppe.
  6023 | D:6      | Reached skill level 10 in Polearms
  6560 | D:6      | Found a radiant altar of Vehumet.
  6563 | D:6      | Found a snail-covered altar of Cheibriados.
  6622 | D:6      | Reached skill level 11 in Polearms
  6622 | D:6      | Reached skill level 5 in Armour
  6622 | D:6      | Reached XP level 9. HP: 33/74 MP: 9/9
  6894 | D:6      | Found Pedghuz's Assorted Antiques.
  7191 | D:7      | Noticed Dowan
  7743 | D:7      | Reached skill level 5 in Fighting
  7817 | D:7      | Noticed Duvessa
  7828 | D:7      | Killed Duvessa
  7856 | D:7      | Killed Dowan
  7932 | D:7      | Reached skill level 13 in Polearms
  7932 | D:7      | Reached skill level 5 in Throwing
  7932 | D:7      | Reached skill level 5 in Shields
  7932 | D:7      | Reached XP level 10. HP: 87/87 MP: 9/13
  8005 | D:7      | Found a staircase to the Ecumenical Temple.
  8059 | Temple   | Entered the Ecumenical Temple
  8257 | Temple   | Became a worshipper of Hepliaklqana the Forgotten
  9420 | D:8      | Noticed a two-headed ogre
  9442 | D:8      | Killed a two-headed ogre
  9442 | D:8      | Reached XP level 11. HP: 75/86 MP: 14/14
  9714 | D:8      | Found a shimmering altar of Xom.
 10378 | D:8      | Noticed Gastronok
 10406 | D:8      | Killed Gastronok
 10406 | D:8      | Reached skill level 14 in Polearms
 10462 | D:8      | Noticed Maurice
 10482 | D:8      | Killed Maurice
 10867 | D:6      | Bought a crude spear for 256 gold pieces
 10867 | D:6      | Identified the cursed +0 spear of Seotabb {speed, Str+3}
                  | (You bought it in a shop on level 6 of the Dungeon)
 10969 | D:9      | Reached * piety under Hepliaklqana
 11832 | D:10     | Entered Level 10 of the Dungeon
 12294 | D:10     | Reached XP level 12. HP: 94/96 MP: 15/15
 12307 | D:10     | Reached ** piety under Hepliaklqana
 12308 | D:10     | Remembered your ancestor Gnaeus as a hexer
 12369 | D:10     | Noticed a two-headed ogre
 12380 | D:10     | Killed a two-headed ogre
 13235 | D:11     | Found a staircase to the Lair.
 13411 | D:11     | Found a staircase to the Orcish Mines.
 13781 | D:12     | Noticed Frances
 13799 | D:11     | Noticed a sun demon
 13807 | D:11     | Killed from afar by Frances

Levels and vault maps discovered:
D:1:      elethiomel_arrival_infinity_welcomes_careful_drivers, layout_basic
D:2:      layout_basic
D:3:      layout_loops_ring, first_ration
D:4:      layout_loops_ring, serial_shops,
          nicolae_shop_temple_entry_statues_fountains, shop, uniq_ijyb,
          uniq_robin
D:5:      layout_loops_ring, nicolae_dithmenos_shadow_blocks, st_stairs_13,
          uniq_crazy_yiuf_cottage
D:6:      layout_loops_ring, grunt_temple_overflow_open, serial_shops,
          kennysheep_mini, shop_statue
D:7:      kennysheep_spiral_hall, layout_basic, minmay_temple_entry_grid,
          uniq_duvessa
D:8:      layout_basic, nicolae_overflow_crystal_walls, grunt_livestock,
          worms_lemuel, uniq_maurice, uniq_gastronok
D:9:      layout_gridville, grunt_decor_one_mirror
D:10:     layout_basic, kennysheep_windowed_goal
D:11:     layout_basic, minmay_lair_entry_grove, orc_0_dummy
D:12:     minmay_coctagon, layout_loops_ring, portal_ice_cave_entry_pillars_1,
          lemuel_tele_altar, uniq_josephine, uniq_frances
Temple:   hc_temple_tempest_star

Skill      XL: |  1  2  3  4  5  6  7  8  9 10 11 12 |
---------------+-------------------------------------+-----
Polearms       | 5 6 7 8 9 11 13 14 | 14.2
Armour         | 1 2 3 5 7 8 9 |  9.5
Fighting       | 3 4 6 7 8 9 |  9.4
Shields        | 1 2 5 6 7 8 |  8.0
Throwing       | 5 6 |  6.0
Evocations     | 4 |  4.0
Dodging        | |  4.3

Action                   |  1- 3 |  4- 6 |  7- 9 | 10-12 || total
-------------------------+-------+-------+-------+-------++-------
Melee: Trident           |    88 |   305 |   483 |   904 ||  1780
       Spear             |       |       |       |    46 ||    46
Throw: Boomerang         |     1 |    19 |     4 |    12 ||    36
       Dart              |       |       |    44 |    23 ||    67
Invok: Recall Ancestor   |       |       |       |     2 ||     2
       Ancestor Life: He |       |       |       |     1 ||     1
  Use: Scroll            |       |       |    14 |     2 ||    16
       Potion            |       |       |     2 |     6 ||     8
 Stab: Distracted        |       |       |       |     5 ||     5
       Confused          |       |       |       |     7 ||     7
  Eat: Chunk             |     3 |     7 |     7 |    15 ||    32
       Ration            |       |       |     2 |     1 ||     3
Armor: Leather armour    |     6 |       |       |       ||     6
       Scale mail        |    16 |   119 |    66 |       ||   201
       Chain mail        |       |       |    58 |   249 ||   307
Dodge: Dodged            |    31 |   144 |    78 |   198 ||   451
Block: Buckler           |       |    34 |    99 |   207 ||   340
       Reflection        |       |       |     2 |     7 ||     9
       Shield            |       |       |       |    44 ||    44
